cohdb
Replays
Latest Replays
All Replays
Popular Replays
Top Player Replays
Match Explorer
How It Works
Community
CoH3 Stats
Reddit
Sign in to upload your games and track your stats! →
Sign in with Steam
Match 43364885
Unlisted
Match 43364885
Overview
Messages
Build Orders
End
Kradschützen Motorcycle Team
Selects Battlefield Espionage Battlegroup
Panzergrenadier Squad
Panzergrenadier Squad
Panzergrenadier Squad
Construct Light Support Kompanie
Selects 250/3 Funkpanzerwagen
Fire Support Elements
Flakvierling Half-track
Pak 38 Mechanized Group
Vehicle Survival Package
2.5-tonne Medical Truck
Selects Anti-Tank Incendiary Munitions
Construct Panzerarmee Kommand
Construct Mechanized Kompanie
Veteran Squad Leaders
StuG III D Assault Gun
StuG III D Assault Gun
Marder III Tank Destroyer
Marder III Tank Destroyer
Monsieur Nathan
DaPopeCOH
0
0
Comments
sign in to comment!
No comments posted yet!